AoeStats
← Orange_Samo

Arena

508203767Analyzed
4v4 RM · 12d ago on Sep 21, 2026· 47m 56s· 8 players
Game mode
Random Map
Map size
Large (8 player)
Population
200
Speed
Normal
Resources
Standard
Victory
Conquest
Starting age
Dark Age
Ending age
Imperial Age
RankedLock teamsTeams togetherTeam positionsShared explorationLock speedFull tech treeHidden civsTurbo modeCheats
Victory
Defeat
🇩🇪 Hindustanis · Germany
967
+13
🇹🇷 Celts · Türkiye
915
+15
🇩🇪 Franks · Germany
896
+16
🇩🇪 Khmer · Germany
806
+20
🇺🇸 Byzantines · United States
969
-19
🇨🇳 Turks · China
943
-18
🇮🇩 Huns · Indonesia
881
-15
🇬🇧 Spanish · United Kingdom
787
-12
Orange_Samo
10:29 Feudal Age
11:04 Loom
16:36 Castle Age
15:15 Double-Bit Axe
29:16 Imperial Age
27:16 Fletching
28:28 Wheelbarrow
29:28 Bodkin Arrow
35:39 Padded Archer Armor
35:46 Scale Barding Armor
35:51 Forging
36:13 Cavalier
36:53 Husbandry
37:18 Hand Cart
39:37 Ballistics
40:33 Chemistry
43:45 Chain Barding Armor
44:01 Iron Casting
44:19 Gold Mining
44:21 Stone Mining
44:44 Bow Saw
48:44 Plate Barding Armor
Eskiçeri
11:57 Feudal Age
15:59 Castle Age
14:19 Double-Bit Axe
18:08 Bow Saw
17:44 Horse Collar
17:59 Gold Mining
20:02 Heavy Plow
23:40 Wheelbarrow
26:06 Gold Shaft Mining
29:03 Hand Cart
31:37 Imperial Age
29:26 Hand Cart
30:26 Stone Mining
32:04 Stone Shaft Mining
31:59 Caravan
32:54 Ballistics
32:46 Fortified Wall
32:32 Murder Holes
32:32 Heavy Scorpion
34:49 Husbandry
34:10 Cavalier
36:21 Furor Celtica
36:32 Conscription
41:54 Paladin
42:43 Scale Barding Armor
42:49 Forging
42:13 Capped Ram
43:48 Siege Ram
44:18 Loom
44:19 Town Watch
Ertan Bacanak
9:51 Feudal Age
10:25 Double-Bit Axe
10:21 Horse Collar
16:48 Castle Age
15:09 Stone Mining
20:45 Loom
21:33 Heavy Plow
21:48 Bow Saw
21:56 Gold Mining
24:48 Gold Shaft Mining
25:55 Stone Shaft Mining
26:16 Ballistics
25:51 Murder Holes
27:49 Wheelbarrow
30:08 Forging
30:03 Scale Barding Armor
33:19 Imperial Age
31:55 Iron Casting
32:03 Chain Barding Armor
31:37 Town Watch
32:20 Hand Cart
32:31 Husbandry
32:41 Bloodlines
34:21 Conscription
34:03 Double Crossbow
35:13 Crop Rotation
35:45 Blast Furnace
35:20 Plate Barding Armor
37:40 Chemistry
36:17 Elite Ballista Elephant
37:34 Hoardings
38:22 Siege Engineers
38:28 Town Patrol
Jimmy Levy (GEO)
12:01 Feudal Age
15:33 Castle Age
14:29 Double-Bit Axe
14:48 Horse Collar
18:23 Loom
22:40 Wheelbarrow
22:29 Heavy Plow
23:56 Bow Saw
25:52 Hand Cart
29:23 Imperial Age
26:40 Town Watch
26:53 Gold Mining
27:16 Stone Mining
28:20 Husbandry
28:27 Scale Barding Armor
28:38 Scale Mail Armor
29:24 Bloodlines
30:02 Gold Shaft Mining
30:22 Forging
29:38 Heavy Camel Rider
31:24 Chemistry
30:35 Fortified Wall
31:54 Two-Man Saw
31:59 Stone Shaft Mining
31:54 Chain Barding Armor
33:45 Ballistics
32:49 Imperial Camel Rider
32:59 Pikeman
33:39 Squires
33:25 Arson
34:19 Plate Barding Armor
34:21 Iron Casting
34:01 Chain Mail Armor
33:48 Padded Archer Armor
35:08 Hoardings
34:34 Grand Trunk Road
34:55 Conscription
35:25 Fletching
35:47 Masonry
38:19 Elite Skirmisher
41:02 Blast Furnace
39:57 Bodkin Arrow
40:17 Leather Archer Armor
40:09 Siege Engineers
40:06 Caravan
40:44 Coinage
40:49 Light Cavalry
43:23 Shatagni
44:37 Banking
44:57 Siege Elephant
45:34 Hussar
47:57 Ring Archer Armor
47:28 Bracer
47:25 Murder Holes
47:21 Guard Tower
BuDrakexn
11:08 Feudal Age
13:50 Double-Bit Axe
19:23 Castle Age
19:46 Pikeman
20:27 Squires
21:24 Scale Mail Armor
21:36 Forging
24:09 Iron Casting
26:58 Loom
28:34 Horse Collar
29:06 Bow Saw
29:39 Gold Mining
33:19 Imperial Age
31:21 Chain Mail Armor
32:10 Gold Shaft Mining
33:07 Stone Mining
34:53 Fletching
34:32 Man-at-Arms
34:33 Halberdier
35:17 Husbandry
34:40 Light Cavalry
35:53 Long Swordsman
37:09 Plate Mail Armor
39:50 Onager
43:01 Bodkin Arrow
42:34 Elite Skirmisher
43:25 Thumb Ring
43:25 Padded Archer Armor
44:54 Two-Man Saw
44:49 Bracer
Louis Theroux
11:34 Feudal Age
14:59 Castle Age
13:12 Double-Bit Axe
13:11 Horse Collar
26:19 Bow Saw
26:28 Heavy Plow
26:55 Stone Mining
29:16 Loom
32:39 Imperial Age
30:56 Gold Mining
31:44 Stone Shaft Mining
30:59 Town Watch
32:33 Wheelbarrow
32:43 Ballistics
32:47 Fletching
32:57 Padded Archer Armor
34:25 Chemistry
33:59 Conscription
33:40 Elite Skirmisher
34:26 Thumb Ring
36:47 Two-Man Saw
36:01 Caravan
36:00 Bodkin Arrow
36:21 Leather Archer Armor
36:17 Forging
36:12 Scale Barding Armor
36:24 Bloodlines
36:15 Husbandry
37:12 Hand Cart
36:58 Town Patrol
37:11 Light Cavalry
37:46 Pikeman
39:12 Bracer
39:42 Ring Archer Armor
39:48 Iron Casting
39:33 Chain Barding Armor
38:37 Hussar
38:41 Halberdier
39:46 Onager
40:22 Elite Conquistador
42:09 Blast Furnace
41:56 Murder Holes
42:11 Fortified Wall
仰枫
11:09 Feudal Age
15:21 Castle Age
13:09 Double-Bit Axe
13:32 Horse Collar
25:06 Fletching
25:17 Padded Archer Armor
29:17 Wheelbarrow
30:39 Town Watch
30:39 Loom
32:35 Bodkin Arrow
37:25 Imperial Age
37:09 Heavy Plow
37:23 Bow Saw
38:21 Fortified Wall
38:26 Masonry
39:39 Town Patrol
39:56 Hand Cart
43:56 Ballistics
Lim's
11:13 Feudal Age
16:50 Castle Age
15:04 Double-Bit Axe
15:36 Horse Collar
16:45 Wheelbarrow
19:03 Bow Saw
24:18 Bow Saw
27:08 Hand Cart
26:40 Loom
31:39 Imperial Age
30:00 Scale Barding Armor
30:05 Forging
30:24 Scale Mail Armor
30:24 Padded Archer Armor
30:15 Fletching
31:16 Stone Mining
31:16 Gold Mining
31:51 Chain Barding Armor
31:20 Town Watch
33:32 Chemistry
32:53 Ballistics
33:30 Gold Shaft Mining
34:12 Two-Man Saw
33:08 Cavalier
33:49 Husbandry
34:17 Paladin
35:48 Iron Casting
37:27 Plate Barding Armor
37:53 Blast Furnace
39:38 Light Cavalry
40:29 Bloodlines
Connection lost

Rejoining the realm…

Still unreachable

The connection could not be restored.

Session expired

The server has moved on; the page needs a fresh start.